 Dungeon Crawl Stone Soup version 0.27.1-33-g824d729ab1 (webtiles) character file.

Game seed: 8280829486645458631

7813 Atelerd the Geomancer (level 11, -9/69 HPs)
             Began as an Octopode Earth Elementalist on Dec 23, 2021.
             Was an Initiate of Sif Muna.
             Killed from afar by a gargoyle (24 damage)
             ... with a stone arrow
             ... on level 10 of the Dungeon.
             The game lasted 00:16:10 (14225 turns).

Atelerd the Geomancer (OpEE)                       Turns: 14225, Time: 00:16:11

Health: -9/69      AC:  1    Str:  8    XL:     11   Next: 21%
Magic:  22/23      EV: 19    Int: 20    God:    Sif Muna [......]
Gold:   506        SH:  0    Dex: 13    Spells: 22/27 levels left

rFire    . . .     SeeInvis .   C - +5 scimitar
rCold    . . .     Faith    .   (no shield)
rNeg     . . .     Spirit   .   (helmet restricted)
rPois    .         Reflect  .   (no amulet)
rElec    .         Harm     .   q - +4 ring of evasion
rCorr    .         Rampage  .   (no ring)
Will     .....                  (no ring)
Stlth    ++++......             (no ring)
HPRegen  0.21/turn              (no ring)
MPRegen  0.18/turn              (no ring)
                                (no ring)
                                (no ring)

@: no status effects
A: almost no armour, amphibious, 8 rings, camouflage 1, gelatinous body 1,
(nimble swimmer 1), tentacles
a: Renounce Religion


You were on level 10 of the Dungeon.
You worshipped Sif Muna.
Sif Muna was noncommittal.
You visited 2 branches of the dungeon, and saw 11 of its levels.

You collected 597 gold pieces.
You spent 91 gold pieces at shops.

Inventory:

Hand Weapons
 l - a +2 dagger of electrocution
 C - a +5 scimitar (weapon)
Missiles
 b - 15 stones
Jewellery
 e - a ring of fire
 q - a +4 ring of evasion (left tentacle)
Wands
 s - a wand of acid (5)
 y - a wand of polymorph (30)
 G - a wand of paralysis (6)
Scrolls
 d - 11 scrolls of teleportation
 f - 3 scrolls of enchant armour {unknown}
 g - 3 scrolls of immolation {unknown}
 i - 2 scrolls of vulnerability
 j - a scroll of blinking
 k - 4 scrolls of enchant weapon
 n - a scroll of holy word {unknown}
 o - 3 scrolls of fog {unknown}
 u - 2 scrolls of brand weapon {unknown}
 w - a scroll of amnesia {unknown}
 z - a scroll of fear {unknown}
 A - 3 scrolls of noise {unknown}
Potions
 a - 7 potions of attraction
 c - 2 potions of haste
 h - a potion of ambrosia
 m - 3 potions of curing
 p - 3 potions of degeneration {unknown}
 r - a potion of resistance
 t - a potion of brilliance {unknown}
 v - a potion of berserk rage {unknown}
 x - a potion of cancellation {unknown}
 B - 2 potions of flight {unknown}
 D - a potion of might {unknown}
 E - a potion of heal wounds {unknown}
 F - 2 potions of lignification {unknown}


   Skills:
 - Level 4.0 Fighting
 - Level 3.0 Short Blades
 + Level 5.7 Dodging
 + Level 6.5 Stealth
 + Level 8.5 Spellcasting
 - Level 7.4 Transmutations
 + Level 8.6 Earth Magic
 * Level 4.2 Invocations


You had 22 spell levels left.
You knew the following spells:

 Your Spells              Type           Power      Damage    Failure   Level
a - Sandblast             Erth           84%        2d18      1%          1
p - Petrify               Tmut/Erth      40%        N/A       3%          4

Your spell library contained the following spells:

 Spells                   Type           Power      Damage    Failure   Level
 Passwall                 Tmut/Erth      33%        N/A       1%          2
 Stone Arrow              Conj/Erth      50%        3d10      4%          3
 Animate Skeleton         Necr           16%        N/A       9%          1
 Apportation              Tloc           16%        N/A       9%          1
 Corona                   Hex            8%         N/A       9%          1
 Freeze                   Ice            32%        1d5       9%          1
 Magic Dart               Conj           32%        1d4       9%          1
 Summon Small Mammal      Summ           32%        N/A       9%          1
 Ensorcelled Hibernation  Hex/Ice        16%        N/A       12%         2
 Searing Ray              Conj           16%        3d3       12%         2
 Frozen Ramparts          Ice            16%        1d3       24%         3
 Tukima's Dance           Hex            8%         N/A       24%         3
 Fulminant Prism          Conj/Hex       4%         3d6       63%         4
 Hailstorm                Conj/Ice       8%         3d4       63%         4


Dungeon Overview and Level Annotations

Branches:
Dungeon (10/15)            Temple (1/1) D:6
   Lair: D:8-11         Orc: D:9-12

Altars:
Ashenzari
Cheibriados
Dithmenos
Elyvilon
Fedhas
Gozag
Hepliaklqana
Kikubaaqudgha
Makhleb
Nemelex Xobeh
Okawaru
Qazlal
Ru
Sif Muna
Trog
Uskayaw
Vehumet
Wu Jian
Xom
Yredelemnul
Zin
The Shining One

Shops:
D:7 *

Annotations:
D:7 4 runed translucent doors


Innate Abilities, Weirdness & Mutations

You cannot wear most types of armour.
You are amphibious.
You can wear up to eight rings at the same time.
Your skin changes colour to match your surroundings (Stealth+).
Your rubbery body absorbs attacks. (AC +1, EV +1)
((You are camouflaged near water. (Stealth+)))
You have tentacles for arms and can constrict up to eight enemies at once.


Message History

The gargoyle is moderately damaged.
You constrict the gargoyle.
The gargoyle hits you with a +1 mace of holy wrath!
* * * LOW HITPOINT WARNING * * *
You feel better.
You constrict the gargoyle, but do no damage.
The gargoyle barely misses you.
You riposte.
You hit the gargoyle but do no damage.
The gargoyle is heavily damaged.
Casting: Sandblast (safe; 1% risk of failure)
Confirm with . or Enter, or press ? or * to list all spells.
Okay, then.
Aiming: Corrosive Bolt
Press: ? - help, Shift-Dir - straight line, f/p - gargoyle
Aim: a gargoyle, wielding a +1 mace of holy wrath (heavily damaged, constricted by you, 100% to hit)
The bolt of acid hits the gargoyle but does no damage.
The gargoyle is heavily damaged.
You constrict the gargoyle, but do no damage.
The gargoyle completely misses you.
You riposte.
You hit the gargoyle but do no damage.
The gargoyle is heavily damaged.
Aiming: Corrosive Bolt
Press: ? - help, Shift-Dir - straight line, f/p - gargoyle
Aim: a gargoyle, wielding a +1 mace of holy wrath (heavily damaged, constricted by you, 100% to hit)
The bolt of acid hits the gargoyle but does no damage.
The gargoyle is heavily damaged.
You constrict the gargoyle, but do no damage.
The gargoyle hits you with a +1 mace of holy wrath!
* * * LOW HITPOINT WARNING * * *
Unknown command.
Aiming: Corrosive Bolt
Press: ? - help, Shift-Dir - straight line, f/p - gargoyle
Aim: a gargoyle, wielding a +1 mace of holy wrath (heavily damaged, constricted by you, 100% to hit)
The bolt of acid hits the gargoyle.
The gargoyle is splashed with acid!
The acid corrodes the gargoyle!
The gargoyle is severely damaged.
You constrict the gargoyle, but do no damage.
The gargoyle hurls a stone arrow at you.
The stone arrow hits you!!
You die...

#... #..# #..# #..# #..#
#..# #..# #..##..# #..#
#..##..#####.9#
..##..##........@#
..##..##...#####.#####..#
..##..##...# #........#
..##..##...# #..####..#
..##.......# #..#
#.##.......# #..#
#.....###..#####..#
#.....# #.........#
#.###.# #.......[.#


You could see a gargoyle (corroded).

Vanquished Creatures
  Pikel (D:8)
  A deep elf pyromancer (D:7)
  A troll (D:9)
  Grinder (D:6)
  9 yaks
  Grum (D:9)
  A steam dragon (D:9)
  2 orc warriors (D:9)
  A hornet zombie (D:6)
  An ice beast (D:8)
  2 necrophages (D:6)
  2 sky beasts (D:7)
  2 ogres
  4 wolves (D:9)
  4 centaurs
  2 lemures (D:8)
  2 bullfrogs (D:8)
  A gnoll sergeant (D:7)
  A wyvern zombie (D:6)
  A scorpion (D:5)
  A wyvern skeleton (D:7)
  3 jellies
  23 killer bees
  19 wights
  2 bullfrog zombies (D:6)
  A human zombie (D:6)
  4 centaur zombies
  4 hounds
  A gnoll shaman (D:8)
  4 orc priests
  An iguana (D:6)
  3 bullfrog skeletons
  Jessica (D:2)
  8 orc wizards
  3 killer bee zombies
  A hound skeleton (D:4)
  A howler monkey zombie (D:6)
  12 gnolls
  11 adders
  A shadow imp (D:7)
  2 white imps
  3 ufetubi
  2 adder skeletons (D:4)
  20 orcs
  4 endoplasms
  3 giant cockroaches
  6 goblins
  7 hobgoblins
  4 quokkas
  6 ball pythons
  5 bats
  7 frilled lizards
  2 kobolds
  4 rats
  A spectral orc (D:9)
220 creatures vanquished.

Vanquished Creatures (others)
  A wizard (D:8)
1 creature vanquished.

Grand Total: 221 creatures vanquished

Notes
Turn   | Place    | Note
-------+----------+-------------------------------------------
     0 | D:1      | Atelerd the Octopode Earth Elementalist began the quest for
                  | the Orb.
     0 | D:1      | Reached XP level 1. HP: 11/11 MP: 3/3
   295 | D:1      | Reached XP level 2. HP: 17/17 MP: 5/5
   725 | D:1      | Found a faded altar of an unknown god.
   945 | D:2      | Noticed Jessica
   950 | D:2      | Killed Jessica
   951 | D:2      | Reached XP level 3. HP: 6/21 MP: 3/6
  1886 | D:2      | Reached XP level 4. HP: 26/27 MP: 4/8
  2266 | D:3      | Found a snail-covered altar of Cheibriados.
  2363 | D:3      | HP: 1/27 [poisoned by an adder]
  3353 | D:4      | Reached XP level 5. HP: 29/31 MP: 6/9
  4419 | D:5      | Entered Level 5 of the Dungeon
  4520 | D:5      | Noticed a centaur
  4529 | D:5      | Killed a centaur
  4530 | D:5      | Reached XP level 6. HP: 16/36 MP: 6/11
  5078 | D:5      | Learned a level 4 spell: Petrify
  5090 | D:5      | Reached skill level 5 in Earth Magic
  5090 | D:5      | Reached XP level 7. HP: 41/41 MP: 9/13
  6511 | D:6      | Reached skill level 5 in Transmutations
  6511 | D:6      | Reached XP level 8. HP: 24/46 MP: 0/15
  6667 | D:6      | Reached skill level 5 in Spellcasting
  6718 | D:6      | Found a staircase to the Ecumenical Temple.
  6877 | D:6      | Noticed Grinder
  6913 | Temple   | Entered the Ecumenical Temple
  7022 | D:6      | Killed Grinder
  7820 | D:6      | Found an ancient bone altar of Kikubaaqudgha.
  7837 | D:6      | Reached XP level 9. HP: 49/51 MP: 11/18
  8020 | D:7      | Found a sacrificial altar of Ru.
  8126 | D:7      | Found a burning altar of Makhleb.
  8288 | D:7      | Found a large runed translucent door.
  8336 | D:7      | Found Tolobaly's Assorted Antiques.
  8354 | D:7      | Bought a scroll labelled ERCHUI CYANAX for 33 gold pieces
  8354 | D:7      | Bought a viscous pink potion for 29 gold pieces
  8354 | D:7      | Bought a glowing ruby potion for 29 gold pieces
  8955 | D:7      | Found a large runed translucent door.
  8959 | D:7      | Noticed a two-headed ogre
  8967 | D:7      | Found a large runed translucent door.
  8967 | D:7      | Found a large runed translucent door.
  9351 | D:7      | Noticed a deep elf pyromancer
  9361 | D:7      | Killed a deep elf pyromancer
  9454 | D:7      | Noticed a troll
  9457 | D:7      | Reached skill level 1 in Fighting
  9720 | D:7      | Reached skill level 1 in Short Blades
  9943 | D:8      | Reached skill level 5 in Stealth
  9943 | D:8      | Reached XP level 10. HP: 41/60 MP: 13/20
  9999 | D:8      | Noticed Pikel
 10009 | D:8      | Killed Pikel
 10137 | D:8      | Found a hide-covered altar of Uskayaw.
 10478 | D:8      | Found a shadowy altar of Dithmenos.
 10910 | D:8      | Reached skill level 5 in Dodging
 11500 | D:8      | Found a bloodstained altar of Trog.
 11503 | D:8      | Noticed a wizard
 11509 | D:8      | Killed a wizard
 11796 | D:9      | Found a basalt altar of Yredelemnul.
 11828 | D:9      | Found a shimmering altar of Xom.
 11831 | D:9      | Found a glowing silver altar of Zin.
 11834 | D:9      | Found an iron altar of Okawaru.
 11837 | D:9      | Found a shimmering blue altar of Sif Muna.
 11868 | D:9      | Became a worshipper of Sif Muna the Loreminder
 11968 | D:9      | Reached skill level 1 in Invocations
 12159 | D:9      | Noticed Grum
 12570 | D:9      | Reached XP level 11. HP: 53/69 MP: 14/23
 12869 | D:9      | Killed Grum
 14176 | D:10     | Entered Level 10 of the Dungeon
 14225 | D:10     | Killed from afar by a gargoyle

Illustrated notes

Levels and vault maps discovered:
D:1:      psy_arrival_dodecagon, layout_loops_ring,
          chequers_ecumenical_altar_island, minmay_misc_feat_columns
D:2:      kennysheep_big_flooded_room, layout_loops_ring, minivault_11,
          kennysheep_generic_room_3, uniq_jessica
D:3:      layout_basic, lemuel_tele_altar
D:4:      layout_basic, minmay_starry_boxes
D:5:      layout_cave_pods, hangedman_decor_riveting
D:6:      layout_gridville, lemuel_mausoleum_altar_kikubaaqudgha,
          minmay_temple_entry_large_hall, uniq_grinder
D:7:      layout_layer_cave, nicolae_ru_awakened_eye,
          mainiacjoe_overflow_cross_hatched, serial_shops, shop,
          minmay_hollow_rounded_squares
D:8:      layout_basic, trog_wizard, old_standard_altar,
          mainiacjoe_overflow_alcove_2, hex_tiny, uniq_pikel
D:9:      layout_basic, yredelemnul_forgotten_temple_becter,
          grunt_temple_overflow_cloverleaf, uniq_grum, uniq_joseph
D:10:     kennysheep_spiral_hall, layout_long_grid,
          grunt_lair_entry_orc_guard_hut, uniq_sonja
Temple:   eino_wide_crystal_templ

Skill      XL: |  1  2  3  4  5  6  7  8  9 10 11 |
---------------+----------------------------------+-----
Transmutations | 2 3 4 5 6 7 |  7.4
Spellcasting   | 3 4 6 7 8 |  8.5
Earth Magic    | 4 5 7 8 |  8.6
Stealth        | 5 6 |  6.5
Fighting       | 1 4 |  4.0
Short Blades   | 1 2 3 |  3.0
Dodging        | 5 |  5.7
Invocations    | 3 4 |  4.2

Action                   |  1- 3 |  4- 6 |  7- 9 | 10-12 || total
-------------------------+-------+-------+-------+-------++-------
Melee: Unarmed           |    10 |       |       |       ||    10
       Tentacles         |     6 |     7 |    16 |    12 ||    41
       Constrict         |     8 |    10 |     9 |    14 ||    41
       Dagger            |     9 |    18 |    19 |    78 ||   124
       Short sword       |       |    33 |    50 |       ||    83
       Scimitar          |       |       |       |     3 ||     3
 Cast: Sandblast         |    27 |    49 |   147 |   135 ||   358
       Petrify           |       |     1 |    11 |    20 ||    32
Evoke: Wand              |       |       |       |     4 ||     4
  Use: Scroll            |       |       |     5 |     4 ||     9
       Potion            |       |       |       |     1 ||     1
 Stab: Sleeping          |     2 |     4 |     4 |     1 ||    11
       Petrified         |       |     4 |    34 |    26 ||    64
       Petrifying        |       |       |       |     3 ||     3
Armor: Skin              |       |     1 |     5 |     5 ||    11
Dodge: Dodged            |    16 |    57 |   117 |   134 ||   324
       Rpst.: Scimitar   |       |       |       |     3 ||     3
